 Dungeon Crawl Stone Soup version 0.22.1-1-ga44c0e5 (webtiles) character file.

149 sbiou the Charmwright (level 5, -19/43 HPs)
             Began as a Gnoll Skald on Sept 25, 2018.
             Was an Initiate of Makhleb.
             Killed from afar by an orc (38 damage)
             ... with an exploding inner flame
             ... hexed by the player character
             ... on level 3 of the Dungeon on Sept 26, 2018.
             The game lasted 00:08:09 (1900 turns).

sbiou the Charmwright (Gnoll Skald)                 Turns: 1900, Time: 00:08:10

Health: -19/43     AC:  9    Str: 20 (23) XL:     5   Next: 31%
Magic:  12/12      EV: 12    Int: 13 (15) God:    Makhleb [......]
Gold:   101        SH:  0    Dex: 14      Spells: 13/14 levels left

rFire    . . .     SeeInvis .   f - +1 club
rCold    . . .     Gourm    .   (no shield)
rNeg     . . .     Faith    .   e - +0 scale mail
rPois    .         Spirit   .   (no helmet)
rElec    .         Reflect  .   (no cloak)
rCorr    .         Harm     .   q - +0 pair of gloves
MR       .....                  r - +0 pair of boots
Stlth    ..........             (no amulet)
HPRegen  0.14/turn              h - +3 ring of strength
MPRegen  0.13/turn              (no ring)

@: mighty, lethally poisoned (-19 -> -21)
A: distributed training, fangs 1, strong nose
a: Renounce Religion


You were on level 3 of the Dungeon.
You worshipped Makhleb.
Makhleb was noncommittal.
You were hungry.

You visited 1 branch of the dungeon, and saw 3 of its levels.

You collected 101 gold pieces.

Inventory:

Hand Weapons
 f - a +1 club (weapon)
 s - a +0 hunting sling
Missiles
 a - 20 poisoned needles
 i - 19 arrows
 l - 27 stones (quivered)
 m - 13 sling bullets
Armour
 e - a +0 scale mail (worn)
 q - a +0 pair of gloves (worn)
 r - a +0 pair of boots (worn)
Jewellery
 h - a +3 ring of strength (left hand)
Scrolls
 c - 2 scrolls of identify
 j - a scroll of amnesia
Potions
 o - a potion of might
Comestibles
 d - 6 rations


   Skills:
 + Level 4.7 Fighting
 + Level 1.4 Short Blades
 + Level 1.4 Long Blades
 + Level 1.4 Axes
 + Level 1.4 Maces & Flails
 + Level 4.7 Polearms
 + Level 1.4 Staves
 + Level 1.4 Slings
 + Level 1.4 Bows
 + Level 1.4 Crossbows
 + Level 1.4 Throwing
 + Level 2.9 Armour
 + Level 4.7 Dodging
 + Level 1.4 Stealth
 + Level 1.4 Shields
 + Level 1.4 Unarmed Combat
 + Level 5.2 Spellcasting
 + Level 1.1 Conjurations
 + Level 1.1 Hexes
 + Level 5.5 Charms
 + Level 1.1 Summonings
 + Level 1.1 Necromancy
 + Level 1.1 Translocations
 + Level 1.1 Transmutations
 + Level 1.1 Fire Magic
 + Level 1.1 Ice Magic
 + Level 1.1 Air Magic
 + Level 1.1 Earth Magic
 + Level 1.1 Poison Magic
 + Level 1.6 Invocations
 + Level 1.4 Evocations


You had 13 spell levels left.
You knew the following spells:

 Your Spells              Type           Power        Failure   Level  Hunger
a - Infusion              Chrm           ###.         5%          1    None

Your spell library contained the following spells:

 Spells                   Type           Power        Failure   Level  Hunger
 Song of Slaying          Chrm           ###.....     8%          2    ##.....
 Shroud of Golubria       Chrm/Tloc      ##........   21%         2    ##.....
 Regeneration             Chrm/Necr      ##........   36%         3    ###....
 Spectral Weapon          Hex/Chrm       ##......     36%         3    ###....


Dungeon Overview and Level Annotations

Branches:
Dungeon (3/15)

Altars:
Elyvilon
Makhleb


Innate Abilities, Weirdness & Mutations

Your experience applies equally to all skills.
You have very sharp teeth.
Your uncanny sense of smell can sniff out nearby items.


Message History

The ball python is heavily wounded.
You feel sick. The ball python completely misses you.
The ball python constricts you.
The frilled lizard bites you but does no damage.
The ball python barely misses you. The ball python constricts you.
You closely miss the ball python. You bite the ball python.
The ball python explodes!
The fiery explosion engulfs something.
The fiery explosion engulfs the orc.
The orc explodes!
The fiery explosion engulfs the orc priest.
The orc priest explodes!
Makhleb accepts your kill.
You feel your dexterity returning.
The fiery explosion engulfs the frilled lizard.
The frilled lizard explodes!
The fiery explosion engulfs the orc.
The orc explodes!
The fiery explosion engulfs you!
Ouch! That really hurt!
You die...

..## ##...# ...######
###....# .#.#....#
####.).#..# ...#....#
#....###..# ........#
#.#### #..# ........###.#
#..# ##.#.....#..# ##§(#
#.........######§§.####
##.#####..##.§§@§§....#*
#..***#.....§§§§§§...>#*
**#...,*..#...§§§§o§.....#
,,....,....(((...§§......#
,,..,,..###(..(..........#
,,,,,...,................#
,,,,,*..,.#..............*
*,,,,,*,,,##(...........**
***,,,,,,,,,,,,,,,,,,,,**


You could see an orc wizard (inner flame).

Vanquished Creatures
  An orc priest (D:3)
  2 worker ants (D:2)
  An adder (D:2)
  An adder zombie (D:2)
  2 worms
  2 leopard geckos (D:2)
  7 bats
  3 giant cockroaches
  8 goblins
  11 hobgoblins
  4 frilled lizards
  7 kobolds
  7 rats
56 creatures vanquished.

Notes
Turn   | Place    | Note
-------+----------+-------------------------------------------
     0 | D:1      | sbiou the Gnoll Skald began the quest for the Orb.
     0 | D:1      | Reached XP level 1. HP: 20/20 MP: 6/6
   158 | D:1      | Reached XP level 2. HP: 10/26 MP: 7/7
   451 | D:1      | Reached XP level 3. HP: 31/31 MP: 9/9
   545 | D:2      | Reached skill level 5 in Spellcasting
   674 | D:2      | Reached skill level 1 in Invocations
   689 | D:2      | Reached skill level 1 in Short Blades
   689 | D:2      | Reached skill level 1 in Long Blades
   689 | D:2      | Reached skill level 1 in Axes
   689 | D:2      | Reached skill level 1 in Maces & Flails
   689 | D:2      | Reached skill level 1 in Staves
   689 | D:2      | Reached skill level 1 in Slings
   689 | D:2      | Reached skill level 1 in Bows
   689 | D:2      | Reached skill level 1 in Crossbows
   689 | D:2      | Reached skill level 1 in Throwing
   689 | D:2      | Reached skill level 1 in Stealth
   689 | D:2      | Reached skill level 1 in Shields
   689 | D:2      | Reached skill level 1 in Unarmed Combat
   689 | D:2      | Reached skill level 1 in Evocations
   689 | D:2      | Reached XP level 4. HP: 19/38 MP: 11/11
  1218 | D:2      | Found a burning altar of Makhleb.
  1218 | D:2      | Found a white marble altar of Elyvilon.
  1255 | D:2      | Reached skill level 1 in Conjurations
  1255 | D:2      | Reached skill level 1 in Hexes
  1255 | D:2      | Reached skill level 1 in Summonings
  1255 | D:2      | Reached skill level 1 in Necromancy
  1255 | D:2      | Reached skill level 1 in Translocations
  1255 | D:2      | Reached skill level 1 in Transmutations
  1255 | D:2      | Reached skill level 1 in Fire Magic
  1255 | D:2      | Reached skill level 1 in Ice Magic
  1255 | D:2      | Reached skill level 1 in Air Magic
  1255 | D:2      | Reached skill level 1 in Earth Magic
  1255 | D:2      | Reached skill level 1 in Poison Magic
  1272 | D:2      | Became a worshipper of Makhleb the Destroyer
  1829 | D:3      | Reached XP level 5. HP: 35/43 MP: 12/12
  1900 | D:3      | Killed from afar by an orc

Skill      XL: |  1  2  3  4 |
---------------+-------------+-----
Spellcasting   | 5 |  5.2
Invocations    | 1 |  1.6
Short Blades   | 1 |  1.4
Long Blades    | 1 |  1.4
Axes           | 1 |  1.4
Maces & Flails | 1 |  1.4
Staves         | 1 |  1.4
Slings         | 1 |  1.4
Bows           | 1 |  1.4
Crossbows      | 1 |  1.4
Throwing       | 1 |  1.4
Stealth        | 1 |  1.4
Shields        | 1 |  1.4
Unarmed Combat | 1 |  1.4
Evocations     | 1 |  1.4
Conjurations   | 1 |  1.1
Hexes          | 1 |  1.1
Summonings     | 1 |  1.1
Necromancy     | 1 |  1.1
Translocations | 1 |  1.1
Transmutations | 1 |  1.1
Fire Magic     | 1 |  1.1
Ice Magic      | 1 |  1.1
Air Magic      | 1 |  1.1
Earth Magic    | 1 |  1.1
Poison Magic   | 1 |  1.1
Fighting       | |  4.7
Polearms       | |  4.7
Armour         | |  2.9
Dodging        | |  4.7
Charms         | |  5.5

Action                   |  1- 3 |  4- 6 || total
-------------------------+-------+-------++-------
Melee: Club              |   130 |    67 ||   197
       Spear             |    15 |       ||    15
       Bite              |    11 |     4 ||    15
 Fire: Hunting sling     |       |    38 ||    38
Throw: Stone             |       |     4 ||     4
 Cast: Infusion          |     2 |       ||     2
  Use: Scroll            |     3 |     3 ||     6
       Potion            |     2 |     4 ||     6
  Eat: Chunk             |       |     3 ||     3
Armor: Scale mail        |    55 |    39 ||    94
Dodge: Dodged            |   117 |    67 ||   184
